Map: 엔디온 잔해

Players

llllllllllll (Scarlett) - Winner!

  • Race: Zerg Zerg
  • League: Grandmaster

llIllIllIllI

  • Race: Terran Terran
  • League: Grandmaster

VOD

Have the link to the VOD?

Description

Time

  • Played on: April 10, 2016, 10:37 a.m.
  • Length: 7:53
Show
View Real Time Build Order
Export as new Build Order

llllllllllll Zerg - Winner!

Build Orders: Pool First, Muta Ling Bane 

Get SALT Encoding   

  12  0:00  Drone  
  13  0:08  Drone  
  14  0:17  Overlord  
  14  0:22  Extractor  
  14  0:23  Drone  
  16  0:35  Drone x2  
  17  0:45  Spawning Pool  
  17  0:48  Drone  
  17  0:53  Extractor  
  17  0:56  Drone  
  17  1:09  Drone  
  18  1:16  Drone  
  19  1:20  Hatchery  
  18  1:33  Queen, Zergling x2  
  18  1:39  Overlord  
  21  1:51  Drone  
  22  2:00  Drone  
  23  2:09  Queen  
  23  2:12  Metabolic Boost  
  25  2:18  Zergling x2  
  26  2:28  Drone  
  27  2:33  Drone x2  
  29  2:47  Drone x4  
  32  2:52  Queen  
  32  2:56  Lair  
  32  2:57  Overlord  
  32  2:58  Drone  
  35  3:00  Extractor  
  34  3:08  Drone x2  
  36  3:15  Overlord  
  36  3:22  Drone x4  
  36  3:24  Drone  
  36  3:25  Drone x2  
  43  3:31  Zergling x2  
  43  3:32  Overlord  
  44  3:36  Extractor  
  44  3:40  Drone  
  44  3:48  Queen  
  46  3:50  Drone  
  46  3:51  Drone  
  48  3:57  Spire  
  48  3:59  Drone x2  
  48  4:00  Extractor, Drone  
  49  4:07  Drone x3  
  49  4:09  Drone  
  53  4:13  Baneling Nest  
  53  4:16  Drone x2  
  54  4:24  Drone x2  
  56  4:32  Zergling x6  
  56  4:38  Overlord x2, Drone  
  60  4:52  Overlord, Hatchery  
  59  4:55  Centrifical Hooks, Drone  
  59  4:57  Drone  
  61  5:02  Overlord  
  61  5:04  Zergling x4  
  61  5:06  Overseer  
  63  5:09  Zergling x4  
  63  5:11  Mutalisk  
  67  5:14  Mutalisk  
  67  5:17  Baneling x4  
  69  5:21  Mutalisk  
  69  5:24  Mutalisk  
  69  5:26  Mutalisk  
  75  5:30  Mutalisk  
  77  5:36  Mutalisk  
  77  5:42  Mutalisk  
  79  5:48  Drone x6  
  87  6:01  Mutalisk  
  87  6:02  Mutalisk  
  87  6:04  Overlord x2  
  91  6:11  Overlord  
  91  6:12  Drone x4  
  91  6:17  Zergling x4  
  97  6:31  Baneling  
  97  6:32  Zergling x2, Baneling x7  
  98  6:33  Zergling x4  
  98  6:37  Zergling x2  
  98  6:38  Zergling x10  
  106  6:40  Baneling x3  
  106  6:41  Zergling x6  
  106  6:44  Zergling x2  
  106  6:45  Zergling x4  
  112  6:48  Zergling x2  
  108  7:00  Zergling x2  
  108  7:01  Zergling x6  
  98  7:02  Baneling x2  
  98  7:03  Zergling x2  
  82  7:17  Mutalisk x4  
  82  7:19  Zergling x4  
  82  7:20  Zergling x8  
  82  7:25  Mutalisk  
  82  7:34  Zergling x6  
Show
View Real Time Build Order
Export as new Build Order

llIllIllIllI Terran 

Build Orders: Reaper Expand, MMM Bio 

Get SALT Encoding   

  12  0:00  SCV  
  13  0:12  SCV  
  14  0:18  Supply Depot  
  14  0:24  SCV  
  15  0:39  SCV  
  15  0:40  Barracks  
  16  0:46  Refinery  
  16  0:51  SCV  
  17  1:03  SCV  
  18  1:15  SCV  
  19  1:27  Orbital Command  
  19  1:29  Reaper  
  20  1:39  Command Center  
  20  1:48  Supply Depot  
  20  1:53  SCV  
  21  2:00  Marine  
  22  2:05  SCV  
  23  2:11  Factory  
  23  2:14  Refinery  
  23  2:17  SCV  
  24  2:23  Barracks Reactor  
  24  2:29  SCV  
  24  2:41  SCV  
  24  2:54  SCV  
  24  2:56  Barracks  
  25  2:58  Barracks  
  25  3:06  SCV  
  25  3:09  Hellion x2  
  25  3:12  Barracks Tech Lab  
  30  3:18  SCV, Orbital Command  
  31  3:30  SCV, Stimpack  
  31  3:31  Marauder  
  34  3:36  Supply Depot  
  34  3:43  Hellion x2  
  34  3:46  Barracks Reactor x2  
  38  3:50  SCV x2  
  38  3:55  Marauder  
  42  3:59  Supply Depot  
  42  4:02  SCV x2  
  44  4:10  Hellion x2  
  44  4:14  SCV  
  44  4:15  SCV  
  50  4:18  Marauder  
  50  4:22  Supply Depot  
  52  4:26  SCV  
  52  4:27  SCV  
  52  4:30  Marine x4  
  58  4:38  Supply Depot  
  58  4:42  Starport  
  58  4:49  Marine x4  
  58  4:50  Marauder  
  58  4:51  Factory Tech Lab  
  64  4:53  SCV x2  
  64  4:55  Refinery  
  66  5:01  Supply Depot  
  66  5:05  SCV x2  
  68  5:07  Marine  
  68  5:08  Marine x3  
  68  5:12  Marauder  
  74  5:17  SCV  
  75  5:23  Supply Depot  
  75  5:25  Siege Tank  
  78  5:28  Armory  
  78  5:31  Combat Shields  
  78  5:34  Medivac x2  
  82  5:38  Marine x2  
  82  5:41  Marine x2  
  86  5:47  Supply Depot  
  86  5:48  Supply Depot  
  88  5:52  SCV  
  88  5:56  Marine  
  88  5:58  Marine x2  
  88  5:59  Marine x2  
  89  6:14  Marine, Medivac x2  
  89  6:15  Siege Tank  
  89  6:16  Marine x3  
  100  6:22  Command Center  
  100  6:36  Marine x2  
  100  6:37  Marine x3  
  105  6:40  SCV  
  105  6:42  Refinery  
  105  6:43  Engineering Bay x2  
  98  6:58  Marine x2  
  98  6:59  Medivac x2  
  98  7:01  Marine x3  
  85  7:15  Marine x2  
  85  7:19  Marine x3  
Tags
 
Add a new tag
Caveats
  • Supply blocks, unpowered buildings, or Contaminate may cause inaccurate times.
  • Supply counts are checked every 10 seconds.